 Dungeon Crawl Stone Soup version bcrawl-1.19.1 (webtiles) character file.

Game seed: 1850841252176464437

39 Revguard the Ducker (level 3, -1/28 HPs)
             Began as a Demonspawn Archaeologist on Nov 27, 2019.
             Slain by a worm (5 damage)
             ... on level 2 of the Dungeon.
             The game lasted 00:02:43 (1618 turns).

Revguard the Ducker (Demonspawn Archaeologist)      Turns: 1618, Time: 00:02:43

Health: -1/28      AC:  6    Str: 11    XL:     3   Next: 28%
Magic:  3/3        EV: 13    Int: 15    God:
Gold:   52         SH:  0    Dex: 12    Spells: 2/2 levels left

rFire    . . .     SeeInvis .   a - +0 whip
rCold    . . .     Gourm    .   (no shield)
rNeg     . . .     Faith    .   b - +1 robe
rPois    .         Spirit   .   c - +1 hat
rElec    .         Reflect  .   (no cloak)
rCorr    .         Harm     .   (no gloves)
MR       .....                  d - +1 pair of boots
Stlth    ++........             (no amulet)
HPRegen  0.09/turn              (no ring)
MPRegen  0.08/turn              (no ring)

@: studying Short Blades
A: horns 1, demonic guardian 1, mutation resistance 1, robust 1
a: no special abilities


You were on level 2 of the Dungeon.
You were not hungry.

You visited 1 branch of the dungeon, and saw 2 of its levels.

You collected 52 gold pieces.

Inventory:

Hand Weapons
 a - a +0 whip (weapon)
Armour
 b - a +1 robe (worn)
 c - a +1 hat (worn)
 d - a +1 pair of boots (worn)
Scrolls
 h - a scroll of amnesia {unknown}
 i - a scroll of teleportation {unknown}
 j - a scroll of noise {unknown}
 k - 3 scrolls of fog {unknown}
 m - a scroll of blinking {unknown}
 n - a scroll of remove curse {unknown}
Books
 e - a manual of Short Blades
Miscellaneous
 f - an ancient crate
Comestibles
 g - 5 rations {!d}


   Skills:
 + Level 1.2 Fighting
 * Level 0.5 Short Blades
 - Level 1.3 Maces & Flails
 + Level 3.5 Dodging
 - Level 3.0 Stealth
 * Level 1.0 Evocations


You had 2 spell levels left.
You didn't know any spells.
Your spell library was empty.

Dungeon Overview and Level Annotations

Branches:
Dungeon (2/12)

Altars:


Innate Abilities, Weirdness & Mutations

You have a pair of small horns on your head.
A weak demonic guardian rushes to your aid.
You are somewhat resistant to further mutation.
You are robust. (+10% HP)


Message History

You barely miss the worm.
The worm is heavily wounded.
The worm bites you.
* * * LOW HITPOINT WARNING * * *
You hit the worm but do no damage.
The worm is heavily wounded.
You barely miss the worm.
The worm is heavily wounded.
The worm bites you.
* * * LOW HITPOINT WARNING * * *
You hit the worm.
You headbutt the worm, but do no damage.
The worm is heavily wounded.
You hit the worm.
The worm is severely wounded.
The worm misses you.
You hit the worm.
The worm is severely wounded.
The worm bites you.
You die...

## . .# .. .# ...
.###################### ...
................@w....+ ..
###################.#.#.#.#.#
...# #....)†...... ...#
#.#.#.#.#.#.# ...#
........... ...########
....#.#.#.#.# ...........
+.............. ........##
#....#.#.# #.#<# ........#
#......... ....


You could see a worm.

Vanquished Creatures
  An ooze (D:2)
  A worm (D:2)
  3 leopard geckos
  4 giant cockroaches
  5 hobgoblins
  2 kobolds
  A quokka (D:2)
  3 bats (D:1)
  2 frilled lizards (D:2)
  3 goblins
  2 rats (D:1)
27 creatures vanquished.

Notes
Turn   | Place    | Note
-------+----------+-------------------------------------------
     0 | D:1      | Revguard the Demonspawn Archaeologist began the quest for
                  | the Orb.
     0 | D:1      | Reached XP level 1. HP: 15/15 MP: 1/1
   584 | D:1      | Reached skill level 1 in Maces & Flails
   584 | D:1      | Gained mutation: You have a pair of small horns on your
                  | head. [demonic ancestry]
   584 | D:1      | Reached XP level 2. HP: 21/21 MP: 2/2
   950 | D:1      | Gained mutation: You are robust. (+10% HP) [potion of
                  | mutation]
   950 | D:1      | Gained mutation: You are somewhat resistant to further
                  | mutation. [potion of mutation]
  1322 | D:2      | Gained mutation: A weak demonic guardian rushes to your
                  | aid. [demonic ancestry]
  1322 | D:2      | Reached XP level 3. HP: 22/28 MP: 3/3
  1450 | D:2      | Reached skill level 1 in Evocations
  1618 | D:2      | Slain by a worm

Skill      XL: |  1  2  3 |
---------------+----------+-----
Dodging        | 3 |  3.5
Maces & Flails | 1 |  1.3
Evocations     | 1 |  1.0
Fighting       | |  1.2
Short Blades   | |  0.5
Stealth        | |  3.0

Action                   || total
-------------------------++-------
Melee: Whip              ||   131
       Headbutt          ||    10
  Use: Potion            ||     3
 Stab: Sleeping          ||     3
  Eat: Chunk             ||     2
Armor: Robe              ||    36
Dodge: Dodged            ||    77
